 Dungeon Crawl Stone Soup version 0.23-a0-642-g3120c2f5a9 (webtiles) character file.

194 CheiIsBae the Conjurer (level 5, -2/38 HPs)
             Began as a Draconian Conjurer on Dec 31, 2018.
             Slain by Edmund
             ... wielding a +0 flail of protection
              (8 damage)
             ... on level 4 of the Dungeon.
             The game lasted 00:09:38 (3772 turns).

CheiIsBae the Conjurer (Draconian Conjurer)         Turns: 3772, Time: 00:09:38

Health: -2/38      AC:  4    Str: 10    XL:     5   Next: 44%
Magic:  3/11       EV: 12    Int: 17    God:
Gold:   12         SH:  0    Dex: 11    Spells: 2/12 levels left

rFire    . . .     SeeInvis +   g - +0 spear
rCold    . . .     Gourm    .   (no shield)
rNeg     . . .     Faith    .   (armour unavailable)
rPois    .         Spirit   .   (helmet restricted)
rElec    .         Reflect  .   (no cloak)
rCorr    .         Harm     .   n - -2 pair of gloves (curse)
MR       .....                  (no boots)
Stlth    ++........             (no amulet)
HPRegen  0.12/turn              p - ring of see invisible
MPRegen  0.12/turn              (no ring)

@: very slightly contaminated, invisible
A: unfitting armour, cold-blooded, AC +5
a: no special abilities


You were on level 4 of the Dungeon.
You were not hungry.

You visited 1 branch of the dungeon, and saw 4 of its levels.

You collected 96 gold pieces.
You spent 84 gold pieces at shops.

Inventory:

Hand Weapons
 g - a +0 spear (weapon)
Armour
 n - a cursed -2 pair of gloves (worn)
Jewellery
 p - a ring of see invisible (left hand)
Scrolls
 a - a scroll of teleportation {unknown}
 c - a scroll of enchant armour {unknown}
 e - 2 scrolls of remove curse {unknown}
 k - a scroll of fog {unknown}
 l - 4 scrolls of enchant weapon {unknown}
 m - 2 scrolls of magic mapping {unknown}
 q - 2 scrolls of blinking {unknown}
Potions
 d - 5 potions of curing
 h - a potion of degeneration
 r - a potion of agility
 s - a potion of mutation {unknown}
 t - a potion of brilliance {unknown}
Comestibles
 b - 5 rations


   Skills:
 - Level 1.7 Dodging
 - Level 1.7 Stealth
 + Level 4.0 Spellcasting
 + Level 5.5 Conjurations


You had 2 spell levels left.
You knew the following spells:

 Your Spells              Type           Power        Failure   Level  Hunger
a - Magic Dart            Conj           ###.         1%          1    None
b - Iskenderun's Mystic   Conj           ###.....     16%         4    ####...
c - Dazzling Spray        Conj/Hex       ##....       16%         3    ###....
d - Searing Ray           Conj           ###...       2%          2    ##.....

Your spell library contained the following spells:

 Spells                   Type           Power        Failure   Level  Hunger
 Force Lance              Conj/Tloc      ##......     45%         4    ####...
 Fulminant Prism          Conj/Hex       ##........   45%         4    ####...


Dungeon Overview and Level Annotations

Branches:
Dungeon (4/15)
 Temple: D:4-7

Altars:
Ashenzari
Yredelemnul
The Shining One

Shops:
D:4 !

Annotations:
D:4 Edmund


Innate Abilities, Weirdness & Mutations

Your plain brown scales are hard. (AC +5)
You cannot fit into any form of body armour.
You are cold-blooded and may be slowed by cold attacks.


Message History

Press: ? - help, Shift-Dir - straight line, f/p - Edmund
Aim: Edmund, wielding a +0 flail of protection and wearing a cursed +0 chain The searing ray hits Edmund.
Edmund is lightly wounded. (Press . to maintain the ray.) Edmund hits you with a +0 flail of protection.
The searing ray misses Edmund.
Edmund hits you with a +0 flail of protection.
* * * LOW HITPOINT WARNING * * *
The searing ray hits Edmund.
Edmund is lightly wounded.
The searing ray hits Edmund.
Edmund is lightly wounded.
You finish channeling your searing ray.
Edmund hits you with a +0 flail of protection.
* * * LOW HITPOINT WARNING * * *
Okay, then.
You fade into invisibility!
Edmund hits you with a +0 flail of protection!
You die...

.........................#.# #.#
..####.#.#.#.#.###..####.#.# #.#
...# #.#.#.#.#.............# #..
...###........####..####.#.# #.#
.........#.#.## #..####.#.# #.#
..............####..##.#.#.###.#
...#.#..........@..............##
...#.#...#.##.####..##.#.#.#.รท...
...#.#...#.##.#.@......#.#.....##
.......@...##.#<@...##.#.#####.##
...#.#..##.##.#.....##...........
.................................
........##.####.....#.######.....
..##.#.....#######..#.##.....###.
.................................
..##.#..##.##########.##.........
..#..........................###.


You could see Edmund.

Vanquished Creatures
  A hound (D:4)
  A worker ant (D:4)
  Robin (D:4)
  3 adders
  An ooze (D:3)
  2 worms
  3 dart slugs
  2 orcs (D:3)
  4 giant cockroaches
  10 goblins
  8 hobgoblins
  13 jackals
  7 kobolds
  A quokka (D:4)
  2 ball pythons
  9 bats
  4 frilled lizards
  A jackal skeleton (D:2)
  7 rats
80 creatures vanquished.

Notes
Turn   | Place    | Note
-------+----------+-------------------------------------------
     0 | D:1      | CheiIsBae the Draconian Conjurer began the quest for the
                  | Orb.
     0 | D:1      | Reached XP level 1. HP: 14/14 MP: 3/3
   408 | D:1      | Reached XP level 2. HP: 20/20 MP: 0/5
  1168 | D:2      | Reached XP level 3. HP: 22/26 MP: 1/7
  1459 | D:2      | Found a shattered altar of Ashenzari.
  1660 | D:2      | You fall through a shaft!
  1700 | D:3      | Reached XP level 4. HP: 33/33 MP: 2/8
  1706 | D:3      | Learned a level 4 spell: Iskenderun's Mystic Blast
  1710 | D:3      | Learned a level 3 spell: Dazzling Spray
  2045 | D:3      | Reached skill level 5 in Conjurations
  2393 | D:3      | Found a glowing golden altar of the Shining One.
  2393 | D:3      | Found a basalt altar of Yredelemnul.
  2406 | D:3      | Noticed a profane servitor
  2522 | D:3      | Found a faded altar of an unknown god.
  2750 | D:3      | Noticed an angel
  2964 | D:4      | Found Vacucwys's Distillery.
  2986 | D:4      | Bought a potion of curing for 42 gold pieces
  2986 | D:4      | Bought a potion of curing for 42 gold pieces
  2997 | D:4      | Reached XP level 5. HP: 30/38 MP: 2/10
  3172 | D:4      | Got an ivory hand axe
  3173 | D:4      | Identified the +8 hand axe of Mufam {flame, +Rage Str+4
                  | Int+3 Dex-2} (You found it on level 4 of the Dungeon)
  3386 | D:4      | Noticed Edmund
  3387 | D:4      | Noticed Robin
  3613 | D:4      | Killed Robin
  3761 | D:3      | Learned a level 2 spell: Searing Ray
  3772 | D:4      | Slain by Edmund

Vault maps used:
D:1:      lightli_arrival_statuegarden, hangedman_decor_slide_cut
D:2:      nicolae_overflow_hidden_temple, old_standard_altar, first_ration,
          kennysheep_cluttered_room, okawaru_altar_gauntlet_db
D:3:      grunt_temple_overflow_holy_war, chequers_ecumenical_altar_grove,
          patterned_corridor
D:4:      serial_shops, nicolae_shop_waterfront, uniq_edmund, uniq_robin

Skill      XL: |  1  2  3  4  5 |
---------------+----------------+-----
Spellcasting   | 3 4 |  4.0
Conjurations   | 5 |  5.5
Dodging        | |  1.7
Stealth        | |  1.7

Action                   |  1- 3 |  4- 6 || total
-------------------------+-------+-------++-------
Melee: Unarmed           |    34 |       ||    34
       Tailslap          |     4 |     6 ||    10
       Spear             |    25 |    33 ||    58
 Cast: Magic Dart        |    90 |    68 ||   158
       Iskenderun's Myst |       |     6 ||     6
       Dazzling Spray    |       |     3 ||     3
       Searing Ray       |       |     1 ||     1
  Use: Scroll            |       |     6 ||     6
       Potion            |       |     3 ||     3
 Stab: Sleeping          |       |     1 ||     1
  Eat: Chunk             |     3 |     5 ||     8
       Ration            |       |     1 ||     1
Armor: Skin              |    24 |     9 ||    33
Dodge: Dodged            |    51 |    33 ||    84

Table legend:
 A = Non-vault XP
 B = Vault XP
 C = Vault XP percentage of total XP
 D = Non-vault monster count
 E = Vault monster count
 F = Vault count percentage of total count
                 A         B        C        D         E       F
            +---------+---------+-------+---------+---------+-------
      Total |     249 |      29 |  10.4 |      72 |       8 |  10.0
            +---------+---------+-------+---------+---------+-------
        D:1 |      26 |       0 |   0.0 |      13 |       0 |   0.0
        D:2 |      62 |       0 |   0.0 |      28 |       0 |   0.0
        D:3 |      58 |       0 |   0.0 |      20 |       0 |   0.0
        D:4 |     103 |      29 |  22.0 |      11 |       8 |  42.1
            +---------+---------+-------+---------+---------+-------
